 Dungeon Crawl Stone Soup version 0.17.1-1-g73c8601 (webtiles) character file.

35 Opium the Magician (level 3, 0/21 HPs)
             Began as a High Elf Wizard on Dec 15, 2015.
             Succumbed to an adder's poison
             ... on level 2 of the Dungeon.
             The game lasted 00:08:04 (1449 turns).

Opium the Magician (High Elf Wizard)                Turns: 1449, Time: 00:08:04

Health: 0/21       AC:  3    Str:  6    XL:     3   Next: 16%
Magic:  4/10       EV: 12    Int: 23    God:
Gold:   98         SH:  0    Dex: 13    Spells: 3 memorised, 6 levels left

rFire  . . .     SeeInvis .     (no weapon)
rCold  . . .     Clarity  .     a - +0 robe
rNeg   . . .     SustAt   .     (no shield)
rPois  .         Gourm    .     b - +0 hat
rElec  .         Spirit   .     (no cloak)
rCorr  .         Warding  .     (no gloves)
rMut   .         Stasis   .     l - +0 pair of boots
MR     .....                    (no amulet)
Stlth  ++........               (no ring)
                                (no ring)

@: lethally poisoned (0 -> -9), repel missiles, not resistant to hostile
enchantments, unstealthy
A: no striking features
a: no special abilities


You were on level 2 of the Dungeon.
You were hungry.

You visited 1 branch of the dungeon, and saw 2 of its levels.

You collected 98 gold pieces.

Inventory:

Hand Weapons
 e - a +0 dagger
Armour
 a - a +0 robe (worn)
 b - a +0 hat (worn)
 l - a +0 pair of boots (worn)
Jewellery
 j - an uncursed ring of magical power {unknown}
 p - an uncursed ring of protection from fire {unknown}
Scrolls
 h - 4 scrolls of identify {unknown}
 i - a scroll of enchant armour {unknown}
 o - a scroll of magic mapping {unknown}
Potions
 g - 2 potions of lignification {unknown}
 k - a potion of curing {unknown}
 m - a potion of resistance {unknown}
 n - a potion of degeneration {unknown}
Books
 c - a book of Minor Magic

   Spells                             Type                      Level
   a - Magic Dart                     Conjuration                  1
   b - Blink                          Translocation                2
   c - Call Imp                       Summoning                    2
   d - Repel Missiles                 Charms/Air                   2
   e - Slow                           Hexes                        2
   f - Conjure Flame                  Conjuration/Fire             3
   g - Mephitic Cloud                 Conjuration/Poison/Air       3
Comestibles
 d - 2 bread rations
 f - 3 fruits


   Skills:
 + Level 2.5 Dodging
 + Level 2.3 Stealth
 + Level 4.5 Spellcasting
 + Level 1.5 Conjurations
 + Level 0.8 Summonings
   Level 1.1 Translocations


You had 6 spell levels left.
You knew the following spells:

 Your Spells              Type           Power        Failure   Level  Hunger
a - Magic Dart            Conj           ##..         6%          1    None
b - Call Imp              Summ           #.......     14%         2    None
c - Repel Missiles        Chrm/Air       #.....       17%         2    None


Dungeon Overview and Level Annotations

Branches:
Dungeon (2/15)

Altars:


Message History

* * * LOW HITPOINT WARNING * * *
You feel sick. The adder bites you.
* * * LOW HITPOINT WARNING * * *
The jackal barely misses you.
Found a golden ring.
* * * LOW HITPOINT WARNING * * *
You feel sick. The adder bites you.
* * * LOW HITPOINT WARNING * * *
You are more poisoned.
The adder poisons you!
Found 17 stones.
A rat comes into view.
* * * LOW HITPOINT WARNING * * *
You feel sick.
Found 15 sling bullets.
Found an escape hatch in the floor.
You see here a golden ring.
* * * LOW HITPOINT WARNING * * *
You feel sick.
Found a cyan potion.
You die...

.. !..
##(.#......... #..
#.##... ...####.#.
###!####### .(...##
##.. #..#
#.........# #.....
.....##..
#.......[.###..#
#........ .
#>......hh..S..#
..#.####.
..#.........###S##
##
..<.........###.# #
............#.!@# #
...........S#.### #
#.........#.#.. #
##
########.........#
##.#.
......?..†......#
#....
...!.....#...##...#
.....
.......###.†.# ##..
##.##
......####†.## ...
......##.....##.#


You could see 2 adders.

Vanquished Creatures
  A giant gecko (D:1)
  3 giant cockroaches (D:1)
  5 hobgoblins
  6 bats
  3 giant newts (D:1)
  3 goblins (D:1)
  2 jackals (D:2)
  6 kobolds
  2 rats
31 creatures vanquished.

Vanquished Creatures (collateral kills)
  3 jackals (D:2)
  A goblin (D:1)
  A kobold (D:1)
5 creatures vanquished.

Grand Total: 36 creatures vanquished

Notes
Turn   | Place    | Note
--------------------------------------------------------------
     0 | D:1      | Opium the High Elf Wizard began the quest for the Orb.
     0 | D:1      | Reached XP level 1. HP: 11/11 MP: 6/6
   189 | D:1      | Reached skill level 4 in Spellcasting
   189 | D:1      | Reached XP level 2. HP: 1/17 MP: 1/8
   441 | D:1      | Learned a level 2 spell: Call Imp
   444 | D:1      | Learned a level 2 spell: Repel Missiles
  1263 | D:2      | Reached XP level 3. HP: 21/21 MP: 1/9
  1447 | D:2      | HP: 1/21 [poisoned by an adder]
  1449 | D:2      | Succumbed to an adder's poison

Action                   || total
-------------------------++-------
 Cast: Magic Dart        ||    77
       Call Imp          ||     3
       Repel Missiles    ||     1
  Eat: Fruit             ||     1
